 Dungeon Crawl Stone Soup version 0.16.1 (console) character file.

88 gw the Vexing (level 4, -6/27 HPs)
             Began as a Kobold Arcane Marksman on Mar 23, 2015.
             Mangled by an ice beast (9 damage)
             ... summoned by a shadow trap
             ... triggered by a jackal
             ... on level 3 of the Dungeon.
             The game lasted 00:04:27 (3663 turns).

gw the Vexing (Kobold Arcane Marksman)              Turns: 3663, Time: 00:04:27

Health: -6/27      AC:  6    Str:  9    XL:     4   Next: 81%
Magic:  0/7        EV: 15    Int: 12    God:
Gold:   103        SH:  0    Dex: 15    Spells: 2 memorised, 2 levels left

rFire  . . .     SeeInvis .     b - +2 short sword (vamp)
rCold  . . .     Clarity  .     l - +0 leather armour
rNeg   . . .     SustAb   .     (no shield)
rPois  .         Gourm    .     k - +0 helmet
rElec  .         Spirit   .     (no cloak)
rCorr  .         Warding  .     (no gloves)
rMut   .         Stasis   .     (no boots)
MR     .....                    (no amulet)
Stlth  +.........               (no ring)
                                (no ring)

@: not resistant to hostile enchantments, very unstealthy
A: slimy green scales 1, carnivore 3, spit poison 1, MP-powered wands 1
a: Spit Poison


You were on level 3 of the Dungeon.
You were very full.

You visited 1 branch of the dungeon, and saw 3 of its levels.

You collected 103 gold pieces.

Inventory:

Hand weapons
 b - a +2 vampiric short sword (weapon)
 h - a +0 hunting sling
Missiles
 c - 17 sling bullets
 j - 66 stones (quivered)
Armour
 k - a +0 helmet (worn)
 l - a +0 leather armour (worn)
Magical devices
 a - a wand of disintegration (18)
Scrolls
 g - a scroll of remove curse
 i - 2 scrolls of identify
Potions
 m - a potion of berserk rage {unknown}
 n - a potion of mutation
Books
 d - a book of Debilitation

   Spells                             Type                      Level
   a - Corona                         Hexes                        1
   b - Slow                           Hexes                        2
   c - Inner Flame                    Hexes/Fire                   3
   d - Enslavement                    Hexes                        4
   e - Cause Fear                     Hexes                        4
   f - Leda's Liquefaction            Hexes/Earth                  4
Comestibles
 f - 6 meat rations
 p - a beef jerky


   Skills:
 + Level 2.5 Fighting
 + Level 1.1 Short Blades
 + Level 2.9 Slings
 + Level 2.8 Dodging
 * Level 2.1 Spellcasting
 + Level 3.3 Hexes


You had 2 spell levels left.
You knew the following spells:

 Your Spells              Type           Power        Failure   Level  Hunger
a - Corona                Hex            #......      12%         1    ##.....
b - Enslavement           Hex            #.......     91%         4    #####..


Dungeon Overview and Level Annotations

Branches:
Dungeon (3/15)

Altars:


Innate Abilities, Weirdness & Mutations

You are small and have problems with some larger weapons.
You are carnivorous and can eat meat at any time.
You are partially covered in slimy green scales (AC +2).
You can spit poison.
You expend magic power (3 MP) to slightly strengthen your wands.


Message History

The ice beast misses you.
Unknown command.
Unknown command.
Unknown command.
Unknown command.
ATTACKING (-1,1)
You closely miss the ice beast.
The ice beast is moderately wounded.
The jackal closely misses you. The ice beast barely misses you.
The jackal misses you.
Unknown command.
Unknown command.
Unknown command.
Unknown command.
ATTACKING (-1,1)
You hit the ice beast but do no damage.
The ice beast is moderately wounded.
You have got your breath back.
The ice beast hits you. The ice beast freezes you!
You die...

...........#.......
#####......#######. ########
## ~~ #### ..~~ #... #..~~
#### #########.## #..~~##..
............
g..~~~#.#############.##
#..~~~#K#.............#
.#########~Yh#.#############
..........#~~g#...#
.......)..'.)g###.#
.........^')..# #.#
.........'...# #.#
.........#~~.###.#
.#########~~.....#
#.h~~~#####.#


You could see an ice beast, a jackal and 2 hobgoblins.

Table legend:
 A = Turns spent in this place as a percentage of turns spent in the entire game.
 B = Non-inter-level travel turns spent in this place as a percentage of non-inter-level travel turns spent in the entire game.
 C = Inter-level travel turns spent in this place as a percentage of turns spent in this place.
 D = Turns resting spent in this place as a percentage of non-inter-level travel turns spent in this place.
 E = Turns spent auto-exploring this place as a percentage of non-inter-level travel turns spent in this place.
 F = Non-inter-level travel turns spent in this place divided by the number of levels of this place that you've seen.
                   A       B       C       D       E      F
               +-------+-------+-------+-------+-------+----------------------
         Total | 100.0 | 100.0 |   0.5 |   3.0 |   1.9 | 1945.0
       Dungeon | 100.0 | 100.0 |   0.5 |   3.0 |   1.9 | 1945.0
               +-------+-------+-------+-------+-------+----------------------

Table legend:
 A = Kills in this place as a percentage of kills in entire the game.
 B = Kills by you in this place as a percentage of kills by you in the entire game.
 C = Kills by friends in this place as a percentage of kills by friends in the entire game.
 D = Other kills in this place as a percentage of other kills in the entire game.
 E = Experience gained in this place as a percentage of experience gained in the entire game.
 F = Experience gained in this place divided by the number of levels of this place that you have seen.
                   A       B       C       D       E      F
               +-------+-------+-------+-------+-------+----------------------
         Total | 100.0 | 100.0 |  -nan |  -nan | 100.0 |  42.0
       Dungeon | 100.0 | 100.0 |  -nan |  -nan | 100.0 |  42.0
               +-------+-------+-------+-------+-------+----------------------

Vanquished Creatures
  3 adders
  4 giant geckos
  An orc (D:3)
  2 ball pythons (D:1)
  11 bats
  8 giant cockroaches
  8 goblins
  4 hobgoblins
  7 jackals
  7 kobolds
  3 giant newts
  3 rats
61 creatures vanquished.

Notes
Turn   | Place    | Note
--------------------------------------------------------------
     0 | D:1      | gw, the Kobold Arcane Marksman, began the quest for the Orb.
     0 | D:1      | Reached XP level 1. HP: 12/12 MP: 2/2
   114 | D:1      | Reached XP level 2. HP: 16/16 MP: 1/3
   615 | D:1      | Reached XP level 3. HP: 21/21 MP: 2/4
  1147 | D:1      | Reached skill level 1 in Short Blades
  1544 | D:1      | Gained mutation: You are partially covered in slimy green scales (AC +2). [potion of mutation]
  1544 | D:1      | Gained mutation: You can spit poison. [potion of mutation]
  1544 | D:1      | Gained mutation: You expend magic power (3 MP) to slightly strengthen your wands. [potion of mutation]
  1787 | D:2      | Reached XP level 4. HP: 19/27 MP: 3/6
  1875 | D:2      | Learned a level 4 spell: Enslavement
  2720 | D:2      | Learned a level 4 spell: Enslavement
  3640 | D:3      | Noticed an ice beast
  3663 | D:3      | Mangled by an ice beast

Action                   |  1- 3 |  4- 6 || total
-------------------------+-------+-------++-------
Melee: Dagger            |    26 |       ||    26
       Short sword       |    69 |    79 ||   148
 Fire: Hunting sling     |    23 |       ||    23
 Cast: Corona            |    47 |    71 ||   118
 Abil: Spit Poison       |     1 |     5 ||     6
  Use: Scroll            |     5 |     3 ||     8
       Potion            |     2 |     3 ||     5
  Eat: Chunk             |    17 |     7 ||    24

Vault maps used:
D:1:      lightli_arrival_maybe_door_vault
D:3:      kennysheep_goblin_castle, grunt_qazlal_clouds, first_bread,
          minivault_4
